AoeStats
← Lagarto Fernando

Arena

509131920Analyzed
4v4 RM · 6d ago on Sep 25, 2026· 30m 27s· 8 players
Game mode
Random Map
Map size
Large (8 player)
Population
200
Speed
Normal
Resources
Standard
Victory
Conquest
Starting age
Dark Age
Ending age
Imperial Age
RankedLock teamsTeams togetherTeam positionsShared explorationLock speedFull tech treeHidden civsTurbo modeCheats
Victory
Defeat
🇫🇷 Vikings · France
1279
+15
🇨🇭 Huns · Switzerland
1213
+18
🇨🇴 Vietnamese · Colombia
1210
+18
🇪🇸 Teutons · Spain
1196
+18
🇨🇳 Franks · China
1270
-18
🇹🇼 Saxons · Taiwan
1257
-17
🇨🇳 Persians · China
1244
-17
🇨🇳 Turks · China
1237
-17
Bokaa
10:06 Feudal Age
13:39 Castle Age
12:17 Stone Mining
15:10 Bloodlines
15:57 Gold Mining
15:53 Double-Bit Axe
15:50 Horse Collar
18:01 Marauders
18:30 Scale Barding Armor
18:36 Forging
20:19 Chain Barding Armor
22:16 Iron Casting
24:22 Heavy Plow
baug
9:16 Feudal Age
10:01 Double-Bit Axe
19:17 Gold Mining
24:06 Horse Collar
31:22 Castle Age
29:43 Scale Mail Armor
29:54 Forging
Lagarto Fernando
10:41 Feudal Age
10:35 Loom
11:33 Double-Bit Axe
11:30 Horse Collar
17:27 Castle Age
17:23 Stone Mining
18:31 Wheelbarrow
18:28 Bow Saw
18:57 Heavy Plow
22:17 Fortified Wall
22:21 Forging
22:12 Scale Mail Armor
23:56 Masonry
24:44 Iron Casting
24:24 Chain Mail Armor
24:53 Fletching
24:49 Pikeman
25:31 Squires
26:48 Chain Mail Armor
26:28 Bodkin Arrow
28:15 Arson
29:15 Hand Cart
28:46 Town Watch
CyMi
10:25 Feudal Age
14:35 Castle Age
12:36 Double-Bit Axe
12:37 Horse Collar
21:11 Squires
22:40 Loom
23:21 Gold Mining
23:49 Bow Saw
24:20 Wheelbarrow
24:07 Town Watch
24:37 Bloodlines
24:24 Stone Mining
25:42 Stone Shaft Mining
25:10 Heavy Plow
26:37 Hand Cart
26:47 Pikeman
30:29 Imperial Age
27:22 Crossbowman
28:08 Thumb Ring
27:55 Fletching
28:05 Padded Archer Armor
28:06 Scale Mail Armor
28:52 Scale Mail Armor
29:02 Forging
29:38 Ballistics
30:43 Bodkin Arrow
31:04 Leather Archer Armor
芥蓝菜丶
10:02 Feudal Age
13:40 Castle Age
11:28 Double-Bit Axe
20:17 Wheelbarrow
21:58 Hand Cart
22:13 Gold Mining
22:36 Bow Saw
23:56 Stone Mining
24:42 Gold Shaft Mining
27:38 Imperial Age
26:32 Husbandry
26:39 Scale Barding Armor
26:44 Forging
26:49 Fortified Wall
26:20 Treadmill Crane
27:05 Loom
28:00 Chain Barding Armor
28:50 Iron Casting
28:39 Conscription
27:44 Cavalier
scl5724
9:47 Feudal Age
15:20 Castle Age
13:42 Double-Bit Axe
14:05 Horse Collar
15:10 Loom
17:08 Bow Saw
20:31 Gold Mining
22:30 Wheelbarrow
23:30 Scale Mail Armor
23:14 Pikeman
Know How To Cherish
10:24 Feudal Age
12:07 Double-Bit Axe
14:58 Castle Age
13:03 Horse Collar
16:55 Bow Saw
22:42 Loom
23:34 Wheelbarrow
25:45 Town Watch
26:08 Gold Mining
26:11 Stone Mining
29:23 Imperial Age
28:30 Padded Archer Armor
30:16 Leather Archer Armor
30:34 Hand Cart
31:21 Two-Man Saw
孤鸿
10:23 Feudal Age
14:04 Castle Age
11:55 Double-Bit Axe
12:43 Horse Collar
15:32 Bow Saw
18:28 Heavy Plow
21:05 Loom
21:57 Wheelbarrow
21:23 Stone Mining
21:56 Gold Mining
23:49 Hand Cart
25:59 Scale Barding Armor
26:42 Gold Shaft Mining
Connection lost

Rejoining the realm…

Still unreachable

The connection could not be restored.

Session expired

The server has moved on; the page needs a fresh start.